Map: Geheimbasis 2E

Players

Jovie

  • Race: Zerg Zerg
  • League: Master
  • Spawn Location: 3:00

PaCTom

  • Race: Terran Terran
  • Spawn Location: 5:00

Tassadary

  • Race: Protoss Protoss
  • League: Grandmaster
  • Spawn Location: 6:00

lllllllllll

  • Race: Zerg Zerg
  • Spawn Location: 12:00

Marauder

  • Race: Protoss Protoss
  • Spawn Location: 11:00

WaYofWaR

  • Race: Terran Terran
  • League: Master
  • Spawn Location: 9:00

VOD

Have the link to the VOD?

Description

Time

  • Played on: Feb. 8, 2018, 8:14 a.m.
  • Length: 10:36
Show
View Real Time Build Order
Export as new Build Order

Jovie Zerg 

Build Orders: Hatch First, Lurkers 

Get SALT Encoding   

  12  0:00  Drone  
  13  0:14  Overlord  
  13  0:18  Drone  
  14  0:33  Drone x2  
  16  0:37  Drone  
  17  0:53  Hatchery  
  17  0:56  Drone  
  17  0:59  Drone  
  18  1:09  Extractor  
  17  1:15  Spawning Pool  
  17  1:17  Drone  
  17  1:21  Drone  
  18  1:30  Drone  
  19  1:41  Overlord  
  19  2:02  Queen, Zergling x2  
  19  2:03  Zergling x2  
  19  2:05  Queen  
  19  2:06  Drone  
  26  2:10  Metabolic Boost  
  26  2:13  Drone  
  27  2:16  Drone  
  28  2:24  Drone  
  28  2:29  Drone  
  30  2:35  Drone  
  31  2:44  Hatchery  
  31  2:46  Overlord  
  31  2:48  Drone  
  31  2:50  Drone  
  32  2:57  Drone  
  33  3:06  Drone  
  33  3:07  Drone  
  35  3:15  Drone x7  
  40  3:24  Overlord  
  40  3:28  Drone  
  40  3:31  Extractor  
  40  3:32  Roach Warren  
  39  3:35  Drone x2  
  41  3:45  Overlord  
  41  3:48  Drone x6  
  47  3:49  Extractor  
  46  3:58  Queen  
  46  4:00  Overlord  
  46  4:02  Lair  
  48  4:07  Extractor, Drone  
  48  4:08  Drone  
  50  4:10  Drone  
  50  4:14  Overlord x2  
  50  4:17  Drone x2  
  50  4:19  Drone  
  50  4:20  Drone  
  54  4:25  Drone x3  
  54  4:28  Drone x2  
  60  4:31  Drone  
  60  4:35  Drone  
  60  4:36  Drone  
  62  4:39  Drone x2  
  62  4:43  Evolution Chamber  
  62  4:45  Evolution Chamber, Drone x2  
  64  4:46  Drone  
  64  4:49  Drone x2  
  67  4:55  Drone x4  
  71  5:00  Drone, Hydralisk Den  
  71  5:01  Drone x2  
  71  5:03  Glial Reconstitution  
  71  5:06  Extractor  
  72  5:08  Zerg Missile Weapons Level 1  
  72  5:10  Zerg Ground Armor Level 1  
  72  5:15  Extractor  
  72  5:16  Overlord  
  72  5:19  Drone x2  
  73  5:21  Overlord  
  73  5:22  Overlord  
  73  5:31  Drone  
  73  5:32  Spore Crawler  
  73  5:38  Overseer  
  73  5:41  Overlord x2  
  73  5:44  Hatchery  
  73  5:45  Roach x5  
  82  5:51  Roach x3  
  88  5:57  Roach x3  
  88  5:58  Roach  
  88  6:01  Muscular Augments  
  96  6:10  Roach x7  
  110  6:18  Roach x3  
  116  6:22  Roach x2  
  120  6:28  Overlord, Drone  
  120  6:29  Overlord x3  
  121  6:40  Overlord  
  121  6:43  Overlord x2  
  121  6:49  Drone  
  121  6:50  Drone x6  
  128  6:55  Hatchery  
  128  6:59  Drone  
  128  7:00  Drone x5  
  128  7:01  Drone x2  
  135  7:02  Queen  
  135  7:07  Lurker Den  
  136  7:13  Drone x7  
  143  7:16  Extractor  
  143  7:17  Extractor  
  143  7:21  Zerg Missile Weapons Level 2, Zerg Ground Armor Level 2  
  141  7:25  Overseer x2  
  141  7:29  Overlord x2  
  141  7:36  Queen  
  143  7:38  Hydralisk x3  
  143  7:43  Hydralisk x4  
  153  7:48  Hydralisk x3  
  163  7:55  Spore Crawler x2  
  163  7:57  Drone  
  163  7:58  Spore Crawler x2, Drone  
  161  7:59  Drone  
  161  8:13  Hydralisk x3  
  161  8:14  Hydralisk x6  
  168  8:24  Spore Crawler  
  168  8:25  Drone x3  
  164  8:27  Spore Crawler  
  164  8:28  Spore Crawler  
  164  8:29  Spore Crawler x3, Drone x3  
  164  8:30  Drone  
  164  8:33  Hydralisk x2  
  151  8:45  Hydralisk x5  
  147  9:00  Spore Crawler, Drone x3  
  149  9:03  Drone  
  149  9:04  Drone x6  
  149  9:05  Drone x6  
  162  9:18  Drone x2  
  162  9:19  Drone x5  
  167  9:25  Drone x3  
  167  9:27  Overlord  
  152  9:31  Spore Crawler  
  152  9:32  Drone  
  152  9:33  Queen  
  152  9:34  Spore Crawler  
  152  9:35  Spore Crawler  
  124  9:41  Hydralisk x4  
  124  9:42  Hydralisk x2  
  124  9:45  Lurker x3  
  140  9:46  Lurker x2  
  140  9:47  Lurker  
  140  9:50  Lurker x2  
  144  9:56  Hydralisk  
  144  9:57  Spore Crawler, Hydralisk x2  
  149  10:04  Hydralisk x2  
  149  10:05  Hydralisk x3  
  159  10:14  Hatchery  
  176  10:24  Spire, Lurker x4  
  176  10:26  Lurker x3  
Show
View Real Time Build Order
Export as new Build Order

PaCTom Terran 

Build Orders: Hellion Opening, Mech 

Get SALT Encoding   

  12  0:00  SCV  
  13  0:13  SCV  
  14  0:18  Supply Depot  
  14  0:25  SCV  
  15  0:31  Refinery  
  15  0:40  SCV  
  16  0:46  Barracks  
  16  0:52  SCV  
  17  1:04  SCV  
  18  1:16  SCV  
  19  1:35  Marine, Orbital Command, Factory  
  20  1:54  Barracks Reactor  
  20  2:01  SCV  
  20  2:06  Command Center  
  21  2:13  Supply Depot  
  21  2:15  SCV  
  22  2:28  SCV  
  23  2:36  Hellion x2  
  27  2:40  SCV  
  28  2:44  Supply Depot  
  28  2:57  Hellion  
  30  3:05  SCV  
  31  3:06  Hellion  
  33  3:18  Hellion  
  35  3:26  Orbital Command  
  35  3:27  SCV  
  36  3:39  SCV  
  37  3:42  Hellion x2  
  40  3:51  SCV  
  40  3:52  Command Center  
  41  3:57  SCV  
  42  4:03  SCV  
  42  4:07  Factory  
  42  4:09  SCV  
  44  4:10  Factory  
  44  4:15  SCV, Refinery x2  
  45  4:21  SCV  
  46  4:26  Armory  
  46  4:28  SCV  
  46  4:29  Armory  
  47  4:34  SCV  
  48  4:40  SCV  
  48  4:41  Supply Depot  
  48  4:43  Supply Depot  
  49  4:46  SCV  
  49  4:51  Factory Tech Lab  
  50  4:53  SCV  
  50  4:58  SCV  
  40  5:07  Hellion x2, Factory Tech Lab  
  40  5:10  Orbital Command  
  40  5:12  Siege Tank  
  40  5:14  SCV  
  48  5:27  SCV x2  
  48  5:28  Hellion  
  48  5:29  Hellion  
  48  5:35  Siege Tank  
  55  5:39  SCV  
  56  5:46  SCV x2  
  56  5:49  Siege Tank  
  61  5:56  Hellion x2  
  65  5:58  SCV x2  
  67  6:05  SCV  
  67  6:07  Siege Tank  
  67  6:08  Hellion x2  
  67  6:10  SCV x2  
  73  6:13  Terran Vehicle Weapons Level 1  
  73  6:17  SCV, Hellion  
  76  6:21  Siege Tank  
  76  6:22  SCV x2  
  72  6:26  Hellion  
  72  6:27  Terran Vehicle And Ship Armor Level 1  
  72  6:29  SCV  
  73  6:33  Refinery x2  
  73  6:34  SCV  
  73  6:35  SCV  
  73  6:39  Hellion  
  77  6:41  Siege Tank  
  77  6:44  SCV  
  77  6:47  SCV, Hellion  
  84  6:50  SCV  
  84  6:53  Supply Depot  
  85  6:56  Refinery  
  85  6:57  SCV  
  86  7:02  Supply Depot  
  86  7:04  Supply Depot  
  86  7:05  Siege Tank  
  86  7:07  SCV  
  90  7:12  Command Center  
  90  7:15  SCV x2  
  92  7:20  Hellion x2  
  96  7:24  SCV  
  96  7:27  SCV x2  
  99  7:36  SCV, Starport, Factory x2  
  100  7:39  SCV x2  
  100  7:43  Factory  
  102  7:48  SCV  
  104  7:51  SCV  
  104  7:52  SCV  
  104  7:56  Hellbat  
  100  8:03  Hellbat  
  100  8:05  Thor x2  
  96  8:10  Engineering Bay  
  108  8:19  Starport Reactor  
  108  8:20  Factory Tech Lab  
  108  8:21  Factory Tech Lab  
  108  8:33  Factory Tech Lab  
  108  8:37  Missile Turret x2  
  108  8:40  Missile Turret x2  
  108  8:41  Missile Turret  
  108  8:43  Planetary Fortress  
  108  8:45  Thor x2  
  120  9:00  SCV x3  
  123  9:04  Hellbat x2  
  127  9:10  Supply Depot  
  127  9:12  SCV x2, Supply Depot  
  129  9:28  Refinery x2  
  129  9:31  Thor  
  129  9:32  Thor x2  
  129  9:35  Hellbat x4  
  129  9:36  SCV  
  129  9:37  SCV  
  157  9:41  SCV x2  
  157  9:44  Supply Depot  
  157  9:45  Supply Depot  
  159  9:55  Viking x2  
  163  10:06  Hellbat  
Show
View Real Time Build Order
Export as new Build Order

Tassadary Protoss 

Build Orders: 1 Gate Expand, Double Forge 

Get SALT Encoding   

  12  0:00  Probe  
  13  0:13  Probe  
  14  0:19  Pylon  
  14  0:25  Probe (Chrono Boost)  
  15  0:37  Probe (Chrono Boost), Gateway  
  16  0:46  Probe (Chrono Boost), Assimilator  
  17  0:51  Probe  
  18  1:04  Probe  
  19  1:16  Probe  
  20  1:24  Nexus  
  20  1:35  Cybernetics Core  
  20  1:37  Probe  
  21  1:42  Assimilator  
  21  1:49  Pylon  
  21  1:52  Probe  
  22  2:04  Probe (Chrono Boost)  
  23  2:09  Adept (Chrono Boost), Warp Gate (Chrono Boost)  
  23  2:15  Probe (Chrono Boost)  
  26  2:19  Twilight Council  
  26  2:20  Probe (Chrono Boost)  
  27  2:28  Adept  
  29  2:33  Probe (Chrono Boost)  
  30  2:41  Probe (Chrono Boost)  
  32  2:50  Probe (Chrono Boost)  
  32  2:51  Probe (Chrono Boost)  
  33  2:55  Resonating Glaives, Adept  
  33  2:56  Probe x2 (Chrono Boost)  
  37  3:08  Probe x2  
  39  3:14  Gateway  
  39  3:16  Gateway  
  39  3:20  Probe  
  39  3:21  Probe  
  41  3:32  Probe  
  41  3:33  Probe  
  43  3:35  Pylon  
  43  3:39  Pylon  
  43  3:40  Shield Battery  
  43  3:44  Probe  
  43  3:45  Probe  
  45  3:59  Gateway x2  
  45  4:01  Gateway  
  45  4:03  Probe x2  
  45  4:14  Assimilator  
  45  4:15  Assimilator  
  45  4:16  Adept x2  
  49  4:17  Adept  
  49  4:19  Probe x2  
  53  4:27  Forge  
  53  4:29  Forge  
  53  4:34  Probe  
  53  4:37  Probe  
  55  4:38  Pylon  
  55  4:51  Nexus  
  55  4:54  Pylon  
  55  4:56  Probe (Chrono Boost)  
  55  4:58  Probe (Chrono Boost)  
  57  5:05  Probe (Chrono Boost)  
  57  5:06  Probe (Chrono Boost), Protoss Ground Weapons Level 1 (Chrono Boost), Protoss Ground Armor Level 1 (Chrono Boost)  
  59  5:18  Probe x2  
  57  5:26  Stalker x3  
  55  5:31  Photon Cannon  
  55  5:38  Stalker  
  57  5:44  Probe x2  
  57  5:56  Stalker  
  58  6:00  Blink  
  58  6:04  Probe x3  
  60  6:09  Pylon  
  61  6:13  Pylon  
  61  6:16  Photon Cannon  
  63  6:22  Stalker  
  63  6:28  Adept  
  63  6:29  Adept x2  
  63  6:31  Adept  
  68  6:37  Probe (Chrono Boost)  
  68  6:38  Probe (Chrono Boost)  
  70  6:42  Probe (Chrono Boost)  
  70  6:45  Protoss Ground Armor Level 2 (Chrono Boost)  
  71  6:49  Probe x2 (Chrono Boost)  
  71  6:51  Probe (Chrono Boost)  
  74  6:54  Probe x2 (Chrono Boost)  
  74  6:55  Protoss Ground Weapons Level 2 (Chrono Boost)  
  74  6:56  Probe (Chrono Boost)  
  77  7:04  Probe x2  
  79  7:10  Sentry x4  
  79  7:11  Adept x2  
  79  7:13  Probe  
  92  7:16  Probe x2  
  92  7:19  Templar Archives  
  92  7:20  Pylon  
  94  7:25  Assimilator  
  94  7:26  Probe, Pylon, Assimilator  
  94  7:28  Probe  
  96  7:36  Adept x2  
  96  7:37  Adept x2  
  104  7:44  Probe x2  
  106  7:59  Probe x2  
  104  8:09  Psionic Storm  
  104  8:12  Stalker x4  
  110  8:13  Stalker x2  
  114  8:25  Gateway  
  114  8:27  Gateway  
  110  8:28  Gateway  
  110  8:30  Gateway  
  110  8:32  Gateway  
  108  8:37  Pylon  
  108  8:40  Pylon  
  108  8:43  Probe x3  
  114  9:09  High Templar  
  107  9:10  High Templar  
  107  9:11  Zealot x3  
  107  9:14  Zealot  
  117  9:31  Photon Cannon x2  
  117  9:33  High Templar x2, Pylon  
  117  9:36  Zealot x5  
  131  9:40  Nexus  
  131  9:41  High Templar, Zealot  
  131  9:42  Pylon, Zealot  
  131  9:43  Zealot  
  131  9:44  Pylon  
  139  9:47  Assimilator  
  139  9:51  Robotics Facility  
  139  9:52  Assimilator  
  139  9:54  Pylon  
  139  9:55  Pylon  
  139  9:58  Pylon x2  
  139  10:02  Photon Cannon  
  139  10:10  Stalker x4  
  117  10:35  Stalker x2  
  117  10:36  Stalker x6  
Show
View Real Time Build Order
Export as new Build Order

lllllllllll Zerg 

Build Orders: Hatch First 

Get SALT Encoding   

  12  0:05  Drone  
  13  0:20  Overlord  
  13  0:21  Drone  
  14  0:47  Drone  
  14  0:48  Drone x2  
  17  1:05  Hatchery, Drone  
  17  1:06  Extractor  
  17  1:10  Drone  
  17  1:19  Spawning Pool  
  17  1:22  Drone  
  17  1:31  Drone  
  18  1:45  Overlord  
  18  2:06  Queen  
  18  2:07  Metabolic Boost  
  20  2:10  Drone  
  20  2:11  Drone  
  22  2:17  Queen  
  22  2:19  Drone x2  
  26  2:34  Drone x2  
  28  2:46  Overlord x3  
  28  3:09  Zergling x6  
  28  3:10  Zergling x2  
  32  3:16  Zergling x2  
  32  3:18  Zergling x4  
  32  3:19  Zergling x2  
  36  3:28  Zergling x4  
  38  3:49  Zergling x2  
  38  3:50  Zergling x10  
  39  4:08  Extractor, Lair  
  39  4:09  Drone x3  
  40  4:10  Drone x3  
  43  4:25  Hatchery  
  42  4:31  Drone  
  42  4:32  Drone x4  
  47  4:50  Extractor, Drone x3  
  47  4:51  Extractor  
  47  4:52  Drone  
  49  4:57  Queen  
  50  5:11  Drone x4  
  50  5:12  Drone x2  
  56  5:35  Spire  
  55  5:36  Drone x4  
  55  5:41  Drone x6  
  65  5:57  Spore Crawler  
  65  5:59  Spore Crawler  
  65  6:01  Spore Crawler  
  65  6:02  Drone x3  
  65  6:04  Extractor, Overlord x2  
  65  6:05  Overlord x2  
  65  6:08  Extractor  
  58  6:37  Drone x2  
  58  6:38  Drone  
  55  7:01  Zerg Flyer Armor Level 1  
  55  7:10  Mutalisk x7  
  55  7:11  Mutalisk x8  
  55  7:15  Overlord  
  85  7:38  Zergling x2  
  85  7:39  Zergling x22  
  85  7:41  Queen  
  99  7:50  Hatchery  
  67  8:29  Queen  
  67  8:33  Zergling x2  
  67  8:34  Zergling x28  
  52  9:18  Hatchery  
  51  9:47  Drone x5  
Show
View Real Time Build Order
Export as new Build Order

Marauder Protoss 

Build Orders: Double Forge 

Get SALT Encoding   

  12  0:01  Probe  
  13  0:15  Pylon  
  13  0:18  Probe  
  14  0:33  Gateway  
  14  0:35  Probe (Chrono Boost)  
  15  0:44  Probe (Chrono Boost)  
  15  0:46  Assimilator  
  16  0:52  Assimilator  
  16  0:54  Probe  
  17  1:06  Probe (Chrono Boost)  
  18  1:13  Pylon  
  18  1:15  Probe (Chrono Boost)  
  19  1:21  Cybernetics Core  
  19  1:25  Probe  
  20  1:39  Probe  
  21  1:57  Nexus  
  21  2:08  Probe  
  22  2:09  Warp Gate (Chrono Boost)  
  22  2:18  Gateway  
  22  2:20  Probe  
  23  2:33  Robotics Facility  
  23  2:36  Probe  
  24  2:48  Probe  
  25  2:52  Gateway  
  25  2:56  Pylon  
  25  3:00  Probe  
  26  3:12  Stalker  
  28  3:15  Stalker  
  30  3:23  Probe x2  
  32  3:29  Observer  
  33  3:35  Gateway  
  30  3:56  Probe x2  
  32  4:12  Probe x2  
  34  4:23  Stalker x2  
  34  4:24  Stalker  
  40  4:26  Probe x2  
  42  4:31  Assimilator  
  42  4:35  Pylon, Assimilator  
  42  4:37  Forge  
  42  4:44  Forge  
  42  4:48  Probe x2  
  44  5:14  Stalker x4  
  52  5:29  Probe  
  52  5:30  Probe  
  54  5:42  Probe x2  
  56  5:44  Photon Cannon  
  56  5:47  Photon Cannon  
  56  5:54  Probe x2  
  58  5:59  Stalker x2  
  62  6:04  Pylon  
  62  6:06  Pylon  
  62  6:14  Pylon  
  62  6:18  Probe x2  
  52  6:30  Protoss Ground Weapons Level 1 (Chrono Boost)  
  52  6:31  Protoss Ground Armor Level 1 (Chrono Boost)  
  50  6:36  Gateway  
  50  6:38  Gateway  
  50  6:39  Gateway  
  50  6:42  Gateway  
  50  6:45  Pylon  
  50  6:46  Pylon  
  50  6:59  Nexus  
  50  7:09  Stalker x3  
  50  7:12  Stalker  
  58  7:23  Probe x2  
  60  7:35  Probe  
  61  7:37  Stalker x3  
  61  7:38  Stalker  
  69  7:48  Probe x2  
  47  8:05  Protoss Shields Level 1 (Chrono Boost)  
  47  8:06  Twilight Council  
  47  8:11  Probe x3  
  50  8:23  Probe x2  
  50  8:25  Stalker x5  
  50  8:26  Stalker  
  64  8:28  Stalker  
  65  8:49  Probe x3  
  65  8:55  Stalker x3  
  68  8:56  Stalker x3  
  76  9:08  Probe x3  
  73  9:40  Stalker x2  
  73  9:41  Stalker x6  
  89  9:50  Probe x3  
  92  9:53  Assimilator  
  92  9:57  Assimilator  
  92  10:01  Pylon  
  92  10:05  Pylon  
  91  10:11  Probe x2  
  91  10:12  Probe  
  94  10:14  Stalker  
  94  10:15  Stalker x4  
  104  10:28  Stalker x3  
Show
View Real Time Build Order
Export as new Build Order

WaYofWaR Terran 

Build Orders: Hellion Banshee, Mech 

Get SALT Encoding   

  12  0:02  SCV  
  13  0:14  SCV  
  14  0:18  Supply Depot  
  14  0:26  SCV  
  15  0:40  SCV  
  15  0:41  Barracks  
  16  0:52  SCV  
  16  0:53  Refinery  
  16  0:55  Refinery  
  17  1:04  SCV  
  18  1:17  SCV  
  19  1:32  Orbital Command, Reaper  
  19  1:37  Supply Depot  
  20  1:47  Factory  
  20  1:57  SCV  
  21  2:05  Barracks Reactor  
  21  2:10  SCV  
  22  2:22  SCV  
  25  2:48  Starport  
  22  2:52  Hellion x2  
  22  2:53  Barracks Tech Lab  
  26  3:01  SCV  
  26  3:03  Command Center  
  27  3:09  Supply Depot  
  26  3:21  Hellion x2  
  30  3:36  SCV  
  30  3:40  Supply Depot  
  31  3:43  Hellion x2  
  35  3:52  SCV  
  35  3:53  Banshee  
  35  3:54  Cloaking Field  
  39  4:08  Cyclone  
  42  4:10  Cyclone  
  45  4:33  Orbital Command  
  45  4:34  Factory  
  45  4:36  Engineering Bay  
  45  4:37  SCV  
  46  4:50  SCV  
  36  5:26  SCV x2  
  36  5:38  SCV x2  
  38  5:50  SCV  
  38  5:51  SCV  
  40  5:57  Factory  
  40  6:02  SCV  
  40  6:03  SCV  
  39  6:06  Refinery x2  
  39  6:14  Siege Tank  
  39  6:15  SCV, Command Center  
  43  6:24  SCV  
  44  6:27  SCV, Starport Reactor  
  45  6:36  SCV  
  45  6:39  SCV  
  47  6:41  Supply Depot  
  47  6:42  Factory Tech Lab  
  47  6:43  Armory  
  47  6:48  SCV  
  47  6:51  SCV  
  49  6:55  Siege Tank  
  49  6:57  Hellion  
  49  7:00  SCV  
  58  7:01  Siege Tank  
  58  7:05  Supply Depot  
  58  7:10  SCV  
  58  7:12  SCV  
  63  7:20  Viking x2  
  64  7:23  SCV  
  64  7:27  Orbital Command  
  64  7:29  SCV  
  66  7:35  Missile Turret  
  66  7:41  Siege Tank  
  66  7:42  Terran Vehicle Weapons Level 1  
  69  7:45  SCV x2  
  69  7:50  Siege Tank  
  74  8:04  SCV x2  
  76  8:10  Infernal Pre-Igniter  
  76  8:11  Viking x2  
  80  8:17  SCV x2  
  82  8:22  Siege Tank  
  82  8:26  Liberator x2  
  77  8:40  Siege Tank  
  82  8:41  Hellbat x2  
  82  8:54  Hellbat  
  84  9:12  Siege Tank  
  84  9:29  Siege Tank, Hellbat  
  84  9:30  Hellbat  
  91  9:45  Orbital Command  
  91  9:47  Viking  
Tags
 
Add a new tag
Caveats
  • Supply blocks, unpowered buildings, or Contaminate may cause inaccurate times.
  • Supply counts are checked every 10 seconds.